 Dungeon Crawl Stone Soup version 0.27-a0-1149-g4505690ab0 (webtiles) character file.

Game seed: 10237192788016687689

9578 robertstho the Thaumaturge (level 11, 0/72 HPs)
             Began as a Djinni Fire Elementalist on May 13, 2021.
             Was an Initiate of Gozag.
             Slain by a cyan ugly thing (14 damage)
             ... on level 9 of the Dungeon.
             The game lasted 00:17:31 (14078 turns).

robertstho the Thaumaturge (DjFE)                  Turns: 14078, Time: 00:17:32

Health: 0/72       AC:  4    Str:  7    XL:     11   Next: 77%
Gold:   725        EV: 14    Int: 19    God:    Gozag SH:  0 Dex: 15

rFire    + + +     SeeInvis .   u - +5 battleaxe
rCold    x x .     Faith    .   (shield currently unavailable)
rNeg     . . .     Spirit   .   E - +2 robe {rF+}
rPois    ∞         Reflect  .   (no helmet)
rElec    .         Harm     .   (no cloak)
rCorr    .         Rampage  .   (no gloves)
Will     +....                  (boots unavailable)
Stlth    +++.......             (no amulet)
HPRegen  0.22/turn              l - ring of fire
MPRegen  0.00/turn              (no ring)

@: flying
A: sickness immunity, fire resistance 2, cold vulnerability 1, float, innate
caster, hp casting, extra vitality 1
a: Renounce Religion, Potion Petition, Call Merchant, Bribe Branch


You were on level 9 of the Dungeon.
You worshipped Gozag.
Gozag was pleased with you.
You visited 2 branches of the dungeon, and saw 10 of its levels.

You collected 1257 gold pieces.
You spent 431 gold pieces at shops.
You paid 101 gold pieces to Gozag.

Inventory:

Hand Weapons
 c - a +0 war axe
 u - a +5 battleaxe (weapon)
 x - the +1 long sword of Jitsabah {holy, Dex+5}
   (You bought it in a shop on level 7 of the Dungeon)

   It has been blessed by the Shining One to cause great damage to the undead
   and demons.
   It affects your dexterity (+5).
 C - a +0 scimitar of flaming
Missiles
 A - 16 boomerangs of dispersal
Armour
 E - a +2 robe of fire resistance (worn)
Jewellery
 l - a ring of fire (left hand)
 F - a +4 ring of protection
Wands
 a - a wand of paralysis (11)
 n - a wand of iceblast (8)
 p - a wand of acid (20)
 B - a wand of flame (12)
 D - a wand of digging (6)
Scrolls
 f - a scroll of blinking
 q - a scroll of immolation {unknown}
 r - a scroll of vulnerability {unknown}
 t - a scroll of enchant weapon {unknown}
 v - 2 scrolls of teleportation
 w - a scroll of amnesia {unknown}
 y - a scroll of fear {unknown}
Potions
 b - a potion of resistance
 d - a potion of might
 e - a potion of attraction
 g - 3 potions of heal wounds
 h - a potion of brilliance {unknown}
 i - 3 potions of degeneration {unknown}
 j - 3 potions of curing {unknown}
 k - a potion of magic {unknown}
 m - a potion of cancellation {unknown}
 o - a potion of flight {unknown}
 s - a potion of ambrosia {unknown}
 z - a potion of haste {unknown}


   Skills:
 + Level 3.9 Fighting
 + Level 3.7 Axes
 + Level 4.9 Dodging
 + Level 5.4 Stealth
 + Level 11.6 Spellcasting


You had 4 spell levels left.
You knew the following spells:

 Your Spells              Type           Power      Damage    Failure   Level
a - Foxfire               Conj/Fire      100%       2x1d9     1%          1
b - Conjure Flame         Conj/Fire      70%        6-21      1%          3
c - Inner Flame           Hex/Fire       70%        N/A       1%          3
d - Sticky Flame          Conj/Fire      70%        2d8       1%          4
e - Fireball              Conj/Fire      35%        3d15      1%          5
f - Sting                 Tmut/Pois      100%       1d8       1%          1
g - Slow                  Hex            53%        N/A       1%          2
h - Passwall              Tmut/Erth      44%        N/A       1%          2
i - Animate Dead          Necr           26%        N/A       1%          4
j - Summon Lightning Spi  Summ/Air       53%        N/A       1%          4
Your spell library was empty.

Dungeon Overview and Level Annotations

Branches:
Dungeon (9/15)             Temple (1/1) D:5            Lair (0/6) D:8
    Orc: D:9-12

Altars:
Ashenzari
Cheibriados
Dithmenos
Elyvilon
Fedhas
Gozag
Hepliaklqana
Kikubaaqudgha
Makhleb
Nemelex Xobeh
Okawaru
Qazlal
Sif Muna
Trog
Uskayaw
Vehumet
Wu Jian
Xom
Yredelemnul
Zin
The Shining One

Shops:
D:7 *

Annotations:
D:2 Terence
D:6 1 runed translucent door, kasomir's ghost, novice HuBe


Innate Abilities, Weirdness & Mutations

You are immune to sickness and miasma.
You are immune to poison.
Your flesh is very heat resistant. (rF++)
You are vulnerable to cold. (rC-)
You float through the air rather than walking.
You learn spells naturally, not from books.
Your magical power is your life essence.
You have superior vitality. (+4 HP)


Message History

Casting: Summon Lightning Spire (mildly dangerous; 1% risk of failure)
Confirm with . or Enter, or press ? or * to list all spells.
Aiming: Fireball (dangerous; 1% risk of failure)
Press: ? - help, Shift-Dir - straight line, f/p - skeletal warrior
Aim: a skeletal warrior, wielding a +1 broad axe, wearing a +0 scale mail, wearing a +2 buckler and quivering stones (heavily damaged, ally target)
You feel a surge of power!
The fireball explodes!
The fireball engulfs the skeletal warrior!
The skeletal warrior is severely damaged.
Unknown command.
Your lightning spire shoots out a bolt of lightning at the skeletal warrior!
The bolt of electricity hits the skeletal warrior!
A skeletal warrior is nearby!
Unknown command.
Casting: Fireball (dangerous; 1% risk of failure)
Confirm with . or Enter, or press ? or * to list all spells.
Aiming: Fireball (dangerous; 1% risk of failure)
Press: ? - help, Shift-Dir - straight line, f/p - skeletal warrior
Aim: a skeletal warrior, wielding a +1 broad axe, wearing a +0 scale mail, wearing a +2 buckler and quivering stones (severely damaged, ally target)
You feel a surge of power!
The fireball explodes!
The fireball engulfs the skeletal warrior!!
The skeletal warrior is almost destroyed.
You hear a horrible gurgling sound!
Your lightning spire shoots out a bolt of lightning at the skeletal warrior!
The bolt of electricity hits the skeletal warrior.
The skeletal warrior is destroyed!
The bolt of electricity hits your lightning spire.
Your lightning spire completely resists.
A cyan ugly thing comes into view.
There is an escape hatch in the ceiling here.
Your lightning spire shoots out a bolt of lightning at the cyan ugly thing!
The bolt of electricity hits the cyan ugly thing.
The cyan ugly thing resists.
Your lightning spire disappears in a puff of smoke!
Casting: Fireball (dangerous; 1% risk of failure)
Confirm with . or Enter, or press ? or * to list all spells.
An electric hum fills the air.
The cyan ugly thing stings you!
* * * LOW HITPOINT WARNING * * *
The cyan ugly thing shocks you!
You die...
Your body crumbles into a pile of gold.

# ##.####'###### #
..#............# #
#...#...#.####.# .#
#...#.#......# ...###...#>.....#
#..###........# #...'##$§....#
#..###....8...# ...###...##u@..##
.###...####....#
###...#.....)#'#######
###...####.##..........# ##
##........#.#..[........# ###.
#..##+###'#<....[.......# ###...
#.......)..[............####...##
........................##)..###
.#......[...##.............###


You could see a cyan ugly thing (ally target) and a friendly lightning spire
(summoned).

Vanquished Creatures
  Erolcha (D:9)
  Erica (D:9)
  Pikel (D:9)
  A cyclops (D:9)
  An elephant (D:8)
  Maggie (D:9)
  A kobold demonologist (D:8)
  A hornet (D:9)
  2 wyverns (D:8)
  Eustachio (D:5)
  2 basilisks
  4 yaks (D:9)
  A vampire (D:9)
  Grum (D:8)
  A steam dragon (D:7)
  Menkaure (D:4)
  3 black bears
  4 orc warriors (D:8)
  A sky beast (D:6)
  2 ice beasts
  5 ogres
  2 centaurs
  4 wolves (D:8)
  A phantom (D:5)
  4 kobold brigands
  A gnoll sergeant (D:9)
  3 bullfrogs
  2 water moccasin skeletons
  A water moccasin zombie (D:5)
  2 wyvern skeletons
  3 wights (D:6)
  3 bullfrog zombies
  A bullfrog skeleton (D:7)
  2 orc priests
  5 hounds
  A jelly (D:4)
  An iguana (D:5)
  3 orc wizards
  A killer bee zombie (D:5)
  2 hound zombies (D:5)
  2 hound skeletons (D:4)
  A mummy (D:8)
  4 gnolls (D:9)
  9 adders
  3 shadow imps
  An adder skeleton (D:5)
  2 worms
  A dart slug (D:1)
  24 orcs
  2 bats
  4 endoplasms
  2 giant cockroaches
  7 hobgoblins
  10 jackals
  5 quokkas
  5 ball pythons
  4 frilled lizards
  3 goblins
  6 kobolds
  5 rats
  A butterfly (D:5)
179 creatures vanquished.

Vanquished Creatures (collateral kills)
  A two-headed ogre (D:9)
  A skeletal warrior (D:9)
  A hornet (D:9)
  A yak (D:9)
  An orc warrior (D:9)
  3 lemures (D:9)
  An orc wizard (D:9)
  An orc (D:9)
10 creatures vanquished.

Vanquished Creatures (others)
  568 foxfires
  A fungus (D:8)
  A plant (D:8)
570 creatures vanquished.

Grand Total: 759 creatures vanquished

Notes
Turn   | Place    | Note
-------+----------+-------------------------------------------
     0 | D:1      | robertstho the Djinni Fire Elementalist began the quest for
                  | the Orb.
     0 | D:1      | Reached XP level 1. HP: 15/15 MP: 0/0
   509 | D:1      | Reached XP level 2. HP: 11/21 MP: 0/0
   908 | D:1      | Reached skill level 3 in Spellcasting
  1152 | D:1      | Reached XP level 3. HP: 19/25 MP: 0/0
  1152 | D:1      | Learned a level 1 spell: Sting
  2337 | D:2      | Found a faded altar of an unknown god.
  2733 | D:2      | Noticed Terence
  3131 | D:3      | Reached XP level 4. HP: 17/31 MP: 0/0
  3835 | D:3      | Reached XP level 5. HP: 33/35 MP: 0/0
  3835 | D:3      | Learned a level 2 spell: Slow
  4627 | D:4      | Reached skill level 4 in Spellcasting
  4716 | D:4      | Noticed Menkaure
  4725 | D:4      | Killed Menkaure
  4726 | D:4      | Reached XP level 6. HP: 37/41 MP: 0/0
  5295 | D:4      | Found a glowing silver altar of Zin.
  5356 | D:4      | Reached skill level 5 in Spellcasting
  5356 | D:4      | Reached XP level 7. HP: 40/46 MP: 0/0
  5356 | D:4      | Learned a level 2 spell: Passwall
  5446 | D:4      | Reached skill level 1 in Fighting
  5692 | D:5      | Entered Level 5 of the Dungeon
  6514 | D:5      | Reached XP level 8. HP: 42/52 MP: 0/0
  6755 | D:5      | Noticed Eustachio
  6773 | D:5      | Killed Eustachio
  6774 | D:5      | Reached skill level 6 in Spellcasting
  7047 | D:5      | Found a staircase to the Ecumenical Temple.
  7175 | Temple   | Entered the Ecumenical Temple
  7331 | Temple   | Became a worshipper of Gozag Ym Sagoz the Greedy
  7770 | D:5      | Reached skill level 7 in Spellcasting
  8231 | D:6      | Reached XP level 9. HP: 55/58 MP: 0/0
  8231 | D:6      | Learned a level 4 spell: Animate Dead
  8754 | D:6      | Found a runed translucent door.
  8757 | D:6      | Noticed kasomir's ghost (novice HuBe)
  8878 | D:6      | Reached skill level 8 in Spellcasting
  9287 | D:7      | Found Kuntejam's Assorted Antiques.
  9547 | D:7      | Bought a scroll labelled YNU UQECEANGO for 28 gold pieces
  9547 | D:7      | Bought a pitted long sword for 238 gold pieces
  9547 | D:7      | Identified the +1 long sword of Jitsabah {holy, Dex+5} (You
                  | bought it in a shop on level 7 of the Dungeon)
  9547 | D:7      | Bought a scroll labelled KATOIVARIUCS for 28 gold pieces
  9547 | D:7      | Bought a green potion for 25 gold pieces
  9547 | D:7      | Bought a jewelled lead wand for 112 gold pieces
 10541 | D:7      | Reached skill level 1 in Axes
 10722 | D:8      | Reached XP level 10. HP: 49/65 MP: 0/0
 10835 | D:8      | Reached skill level 9 in Spellcasting
 11276 | D:8      | Noticed a kobold demonologist
 11279 | D:8      | Killed a kobold demonologist
 11794 | D:8      | Found a staircase to the Lair.
 11794 | D:8      | Noticed an elephant
 11800 | D:8      | Killed an elephant
 11804 | D:8      | Reached skill level 10 in Spellcasting
 12089 | D:8      | Noticed Grum
 12091 | D:8      | Killed Grum
 12092 | D:8      | Reached skill level 5 in Stealth
 12599 | D:9      | Noticed Erica
 12604 | D:9      | Killed Erica
 12605 | D:9      | Reached XP level 11. HP: 45/71 MP: 0/0
 12605 | D:9      | Learned a level 4 spell: Summon Lightning Spire
 12990 | D:9      | Found a broken altar of Ashenzari.
 12990 | D:9      | Found an ornate altar of the Wu Jian Council.
 13052 | D:9      | Noticed Erolcha
 13059 | D:9      | Killed Erolcha
 13227 | D:9      | Reached skill level 11 in Spellcasting
 13230 | D:9      | Noticed a two-headed ogre
 13234 | D:9      | Killed a two-headed ogre
 13339 | D:9      | Noticed Pikel
 13352 | D:9      | Noticed Maggie
 13356 | D:9      | Killed Pikel
 13363 | D:9      | Killed Maggie
 13699 | D:9      | Noticed a cyclops
 13704 | D:9      | Noticed a skeletal warrior
 13706 | D:9      | Killed a cyclops
 14061 | D:9      | Noticed a skeletal warrior
 14070 | D:9      | Killed a skeletal warrior
 14071 | D:9      | Noticed a cyan ugly thing
 14078 | D:9      | Slain by a cyan ugly thing

Illustrated notes

Levels and vault maps discovered:
D:1:      lightli_molten_gateway, layout_loops_ring
D:2:      layout_loops_corners, hellmonk_ecumenical_altar_crossroads,
          uniq_terence
D:3:      layout_loops_ring
D:4:      layout_rooms, zin_treasury, chequers_serial_rivers_large_a,
          uniq_menkaure
D:5:      kb_forest_paths, layout_basic, minmay_temple_entry_butterflies,
          uniq_eustachio
D:6:      layout_basic, ebering_ghost_sewer_d, kennysheep_small_circle
D:7:      layout_layer_cave, serial_shops, shop_fountains,
          minmay_unpleasant_kobolds
D:8:      layout_basic, david_lair_generic, gup_ossuary_entry_pyramid,
          chequers_serial_rivers_micro_e, uniq_grum
D:9:      minmay_the_grid_four_pointed_star
          [minmay_the_grid_triangle_9x9_zippers_horizontal,
          minmay_the_grid_triangle_9x9_checkered,
          minmay_the_grid_triangle_9x9_longest,
          minmay_the_grid_triangle_9x9_wacky_v,
          minmay_the_grid_prize_inner_circle], layout_basic,
          gammafunk_temple_overflow_claw, uniq_erolcha, uniq_pikel, uniq_maggie,
          uniq_erica
Temple:   minmay_crystal_spiral_temple

Skill      XL: |  1  2  3  4  5  6  7  8  9 10 11 |
---------------+----------------------------------+-----
Spellcasting   | 3 4 5 7 8 10 11 | 11.6
Stealth        | 2 3 4 5 |  5.4
Fighting       | 1 2 3 |  3.9
Dodging        | 3 4 |  4.9
Axes           | 1 2 3 |  3.7

Action                   |  1- 3 |  4- 6 |  7- 9 | 10-12 || total
-------------------------+-------+-------+-------+-------++-------
Melee: War axe           |       |       |     1 |       ||     1
       Battleaxe         |       |       |     6 |    10 ||    16
 Cast: Foxfire           |    93 |   116 |   147 |       ||   356
       Sticky Flame      |       |       |    13 |     7 ||    20
       Fireball          |       |       |    23 |    62 ||    85
       Summon Lightning  |       |       |       |     7 ||     7
  Use: Scroll            |     3 |       |     2 |     2 ||     7
 Stab: Sleeping          |       |       |       |     1 ||     1
Armor: Robe              |     3 |     3 |     7 |     1 ||    14
Dodge: Dodged            |    19 |    12 |    44 |    14 ||    89

Table legend: (Time is in decaauts)
 A = Elapsed time spent in this place.
 B = Non-inter-level travel time spent in this place.
 C = Inter-level travel time spent in this place.
 D = Time resting spent in this place.
 E = Time spent auto-exploring this place.
 F = Levels seen in this place.
 G = Mean time per level.
                   A        B        C        D        E       F      G
               +--------+--------+--------+--------+--------+-----+--------+
         Total |  14087 |  13700 |    387 |    551 |  11924 |  10 | 1408.7 |
       Dungeon |  13860 |  13559 |    301 |    551 |  11784 |   9 | 1540.0 |
        Temple |    226 |    141 |     85 |      0 |    140 |   1 |  226.0 |
               +--------+--------+--------+--------+--------+-----+--------+

Top non-repeatable levels by time:
     D:8: 2145 daAuts
     D:5: 2059 daAuts
     D:1: 1709 daAuts
     D:3: 1452 daAuts
     D:7: 1424 daAuts
     D:2: 1405 daAuts
     D:6: 1313 daAuts
     D:9: 1227 daAuts
     D:4: 1122 daAuts
  Temple: 226 daAuts
